AoeStats
← old f1sh

Arabia

508612374Analyzed
1v1 RM · 10d ago on Sep 23, 2026· 19m 20s· 2 players
Game mode
Random Map
Map size
Tiny (2 player)
Population
200
Speed
Normal
Resources
Standard
Victory
Conquest
Starting age
Dark Age
Ending age
Imperial Age
RankedLock teamsTeams togetherTeam positionsShared explorationLock speedFull tech treeHidden civsTurbo modeCheats
Victory
Defeat
🇨🇳 Saxons · China
1649
+12
🇬🇪 Jurchens · Georgia
1552
-12
old f1sh
6:49 Loom
8:56 Feudal Age
8:57 Loom
9:39 Double-Bit Axe
14:13 Horse Collar
17:43 Scale Mail Armor
17:37 Fletching
jempajempa
6:27 Loom
8:51 Feudal Age
9:23 Double-Bit Axe
21:25 Castle Age
Connection lost

Rejoining the realm…

Still unreachable

The connection could not be restored.

Session expired

The server has moved on; the page needs a fresh start.